AoeStats
← b站江条

Arabia

504403130Analyzed
1v1 RM · 28d ago on Sep 5, 2026· 63m 27s· 2 players
Game mode
Random Map
Map size
Tiny (2 player)
Population
200
Speed
Normal
Resources
Standard
Victory
Conquest
Starting age
Dark Age
Ending age
Imperial Age
RankedLock teamsTeams togetherTeam positionsShared explorationLock speedFull tech treeHidden civsTurbo modeCheats
Victory
Defeat
🇨🇳 Maya · China
1354
+15
🇲🇽 Vietnamese · Mexico
1343
-15
G89
7:43 Loom
9:59 Feudal Age
11:23 Double-Bit Axe
12:09 Horse Collar
14:22 Town Watch
15:22 Fletching
19:54 Padded Archer Armor
23:36 Castle Age
23:42 Elite Skirmisher
23:43 Crossbowman
24:24 Bodkin Arrow
30:20 Ballistics
33:37 Leather Archer Armor
37:23 Imperial Age
38:10 Bracer
37:36 Imperial Skirmisher
45:54 Thumb Ring
47:30 Ring Archer Armor
49:16 Chemistry
55:13 Cavalier
56:04 Bloodlines
56:29 Forging
58:33 Murder Holes
b站江条
0:25 Loom
8:42 Feudal Age
9:35 Double-Bit Axe
15:19 Horse Collar
15:53 Fletching
17:48 Wheelbarrow
17:54 Padded Archer Armor
22:05 Castle Age
20:26 Gold Mining
22:11 Crossbowman
23:05 Bodkin Arrow
24:04 Bow Saw
28:42 Heavy Plow
29:01 Leather Archer Armor
33:56 Imperial Age
31:10 Treadmill Crane
34:08 Arbalester
35:16 Ballistics
35:55 Conscription
37:52 Chemistry
38:00 Bracer
39:42 Eagle Warrior
42:43 Guilds
43:08 Holcans
42:42 Scale Mail Armor
42:53 Forging
43:26 Guilds
44:59 Chain Mail Armor
45:01 Elite Eagle Warrior
47:10 Plate Mail Armor
49:35 Two-Man Saw
49:05 Crop Rotation
49:19 Forging
49:37 Squires
50:02 Hand Cart
52:41 Iron Casting
53:22 Stone Mining
53:30 Town Watch
54:13 Arson
57:01 Masonry
63:39 Blast Furnace
Connection lost

Rejoining the realm…

Still unreachable

The connection could not be restored.

Session expired

The server has moved on; the page needs a fresh start.